 Dungeon Crawl Stone Soup version 0.31.0-10-gcf4a605ca0 (webtiles) character file.

Game seed: 12747231445341635917

594662 Laqueoixx the Brawler (level 26, -10/199 HPs)
             Began as an Octopode Shapeshifter on Jan 24, 2024.
             Was a High Priest of Ashenzari.
             Mangled by a vampire knight
             ... wielding a +0 great sword
              (35 damage)
             ... on level 1 of the Crypt on Jan 25, 2024.
             The game lasted 04:09:43 (56570 turns).

Laqueoixx the Brawler (Octopode Shapeshifter)      Turns: 56570, Time: 04:09:43

Health: -10/199    AC:  3    Str: 21      XL:     26   Next: 79%
Magic:  33/40      EV: 49    Int: 16      God:    Ashenzari [*****.]
Gold:   3882       SH:  0    Dex: 21 (22) Spells: 4/61 levels left

rFire   + +          +
                       - Unarmed
rCold   + . .        O - orb of Ashenzari's Ordeal {*channel, Melee, Cun} (curse)
rNeg    + + +        y - +2 hat
rPois   ∞            X - amulet "Per Aspera Ad Scientiam" {Regen+, Bglg, Melee} (curse)
rElec   +            g - ring of Toth-Mos's Legacy {Dex+6, Sorc, Dev} (curse)
rCorr   +            p - ring of wizardry
SInv    +            d - ring "Overhang to Understand" {rF+ rN+ EV+5 Str+2 Dex+2, Range, Dev} (curse)
Will    +....        i - ring of Ashenzari's Discomfort {rElec rF+++ Will+ rCorr, Self, Dev} (curse)
Stlth   ++++++       G - ring of the Shattered Loss {rN+, Dev, Fort} (curse)
HPRegen 1.33/turn    N - ring of the Enlightened Ether {Wiz, Dev, Melee} (curse)
MPRegen 0.27/turn    w - ring of the Manifest Pleiades {EV+5, Dev, Fort} (curse)
                     c - ring of the Hare {EV+10, Sorc, Self} (curse)

%: clarity, wizardry (x2), channel magic (20%)
@: death-form, weak-willed, studying Shields
A: vile attack, torment immunity, no potions, almost no armour, amphibious, 8
rings, camouflage 1, gelatinous body 1, (nimble swimmer 1), tentacles, clarity,
low MP 1
}: 4/15 runes: barnacled, silver, abyssal, gossamer
a: Siphon Essence, Begin Untransformation, Renounce Religion, Curse Item,
Shatter the Chains


You were on level 1 of the Crypt.
You worshipped Ashenzari.
Ashenzari was extremely pleased with you.
You were an undying horror.
You visited 10 branches of the dungeon, and saw 49 of its levels.
You visited the Abyss 2 times.
You also visited: Ice Cave and Desolation.

You collected 6819 gold pieces.
You spent 2937 gold pieces at shops.

Inventory:

Armour
 e - an orb of energy
 y - a +2 hat (worn)
 O - the cursed orb of Ashenzari's Ordeal (worn) {*channel, Melee, Cun}
   (You found it on level 2 of the Lair of Beasts)

   It has a curse which improves the following skills: Melee Combat: Short
   Blades, Long Blades, Axes, Maces & Flails, Polearms, Staves and Unarmed
   Combat.
   Cunning:   Dodging and Stealth.
Jewellery
 c - the cursed ring of the Hare (on tentacle) {EV+10, Sorc, Self}
   (You took it off a deep elf archer on level 3 of the Elven Halls)

   [ring of evasion]

   EV+10:     It affects your evasion (+10).
   It has a curse which improves the following skills: Sorcery: Conjurations and
   Alchemy.
   Introspection: Fighting and Spellcasting.
 d - the cursed ring "Overhang to Understand" (on tentacle) {rF+ rN+ EV+5 Str+2 Dex+2, Range, Dev}
   (You acquired it on level 4 of the Spider Nest)

   [ring of evasion]

   EV+5:      It affects your evasion (+5).
   Str+2:     It affects your strength (+2).
   Dex+2:     It affects your dexterity (+2).
   rF+:       It protects you from fire.
   rN+:       It protects you from negative energy.
   It has a curse which improves the following skills: Ranged Combat: Ranged
   Weapons and Throwing.
   Devices:   Evocations and Shapeshifting.
 g - the cursed ring of Toth-Mos's Legacy (left tentacle) {Dex+6, Sorc, Dev}
   (You found it on level 4 of the Dungeon)

   [ring of dexterity]

   Dex+6:     It affects your dexterity (+6).
   It has a curse which improves the following skills: Sorcery: Conjurations and
   Alchemy.
   Devices:   Evocations and Shapeshifting.
 i - the cursed ring of Ashenzari's Discomfort (on tentacle) {rElec rF+++ Will+ rCorr, Self, Dev}
   (You acquired it on level 2 of the Shoals)

   [ring of willpower]

   rF+++:     It renders you almost immune to fire.
   rElec:     It insulates you from electricity.
   Will+:     It increases your willpower.
   rCorr:     It protects you from acid and corrosion.
   It has a curse which improves the following skills: Introspection: Fighting
   and Spellcasting.
   Devices:   Evocations and Shapeshifting.
 p - a ring of wizardry (right tentacle)
 s - a +4 ring of slaying
 w - the cursed ring of the Manifest Pleiades (on tentacle) {EV+5, Dev, Fort}
   (You found it on level 2 of the Shoals)

   [ring of evasion]

   EV+5:      It affects your evasion (+5).
   It has a curse which improves the following skills: Devices: Evocations and
   Shapeshifting.
   Fortitude: Shields.
 A - a ring of protection from cold
 G - the cursed ring of the Shattered Loss (on tentacle) {rN+, Dev, Fort}
   (You took it off an orc on level 9 of the Dungeon)

   [ring of positive energy]

   rN+:       It protects you from negative energy.
   It has a curse which improves the following skills: Devices: Evocations and
   Shapeshifting.
   Fortitude: Shields.
 N - the cursed ring of the Enlightened Ether (on tentacle) {Wiz, Dev, Melee}
   (You found it on level 2 of the Lair of Beasts)

   [ring of wizardry]

   Wiz:       It improves your spell success rate.
   It has a curse which improves the following skills: Devices: Evocations and
   Shapeshifting.
   Melee Combat: Short Blades, Long Blades, Axes, Maces & Flails, Polearms,
   Staves and Unarmed Combat.
 S - a ring of positive energy
 X - the cursed amulet "Per Aspera Ad Scientiam" (around mantle) {Regen+, Bglg, Melee}
   (You found it on level 12 of the Dungeon)

   [amulet of regeneration]

   Regen+:    It increases your rate of health regeneration.
   It has a curse which improves the following skills: Beguiling: Hexes and
   Translocations.
   Melee Combat: Short Blades, Long Blades, Axes, Maces & Flails, Polearms,
   Staves and Unarmed Combat.
Talismans
 u - a storm talisman
 T - a talisman of death (active)
Wands
 t - a wand of mindburst (68)
 J - a wand of paralysis (34)
 M - a wand of polymorph (10)
 P - a wand of flame (71)
 U - a wand of iceblast (45)
 V - a wand of digging (17)
 W - a wand of light (36)
Scrolls
 f - 17 scrolls of teleportation
 v - 4 scrolls of revelation
 x - 10 scrolls of fear
 D - a scroll of torment
 E - 4 scrolls of vulnerability
 F - 8 scrolls of blinking
 R - 7 scrolls of fog
 Z - 4 scrolls of poison
Potions
 a - 7 potions of lignification
 b - 6 potions of cancellation
 h - 4 potions of haste
 j - 7 potions of attraction
 l - 7 potions of magic
 m - 6 potions of enlightenment
 n - 6 potions of berserk rage
 q - 28 potions of curing
 r - 6 potions of resistance
 z - 9 potions of mutation
 B - 6 potions of ambrosia
 L - 12 potions of heal wounds
 Q - 6 potions of brilliance
 Y - 6 potions of might
Miscellaneous
 k - a phantom mirror
 o - a lightning rod (4/4)
 C - a tin of tremorstones (2/2)
 I - a phial of floods
 K - a box of beasts


   Skills:
 - Level 18.0(21.0) Fighting
 - Level 18.8(20.7) Dodging
 - Level 7.8(10.0) Stealth
 - Level 20.4(24.2) Unarmed Combat
 + Level 15.0(18.1) Spellcasting
 - Level 12.6(15.7) Conjurations
 - Level 4.9 Summonings
 - Level 3.0 Necromancy
 - Level 2.5(4.2) Translocations
 + Level 15.6 Fire Magic
 - Level 3.0 Ice Magic
 - Level 13.6 Earth Magic
 - Level 20.3(26.6) Shapeshifting


You had 4 spell levels left.
You knew the following spells:

 Your Spells              Type           Power      Damage    Failure   Level
a - Magic Dart            Conj           100%       1d8       1%          1
b - Foxfire               Conj/Fire      100%       2x1d9     1%          1
c - Ignition              Fire           29%        3d9       21%         8
d - Lehudib's Crystal Sp  Conj/Erth      28%        10d8      28%         8
f - Blink                 Tloc           56%        N/A       1%          2
g - Lesser Beckoning      Tloc           56%        N/A       1%          2
h - Fugue of the Fallen   Necr           24%        N/A       3%          3
i - Ozocubu's Armour      Ice            24%        N/A       3%          3
k - Fireball              Conj/Fire      29%        3d13      1%          5
l - Manifold Assault      Tloc           28%        N/A       5%          4
m - Starburst             Conj/Fire      29%        6d9       1%          6
n - Orb of Destruction    Conj           30%        9d10      4%          7
o - Spellforged Servitor  Conj/Summ      23%        N/A       22%         7

Your spell library contained the following spells:

 Spells                   Type           Power      Damage    Failure   Level
 Freeze                   Ice            96%        1d10      1%          1
 Kiss of Death            Conj/Necr      100%       2d13      1%          1
 Necrotise                Necr           96%        1d8       1%          1
 Sting                    Conj/Alch      100%       1d9       1%          1
 Call Imp                 Summ           60%        N/A       1%          2
 Momentum Strike          Conj/Tloc      92%        3d10      1%          2
 Scorch                   Fire           100%       2d9       1%          2
 Static Discharge         Conj/Air       78%        3-7/arc   1%          2
 Call Canine Familiar     Summ           30%        N/A       1%          3
 Dazzling Flash           Conj/Hex       80%        N/A       1%          3
 Hailstorm                Conj/Ice       44%        3d9       1%          3
 Passwall                 Erth           55%        N/A       1%          3
 Stone Arrow              Conj/Erth      100%       3d13      1%          3
 Volatile Blastmotes      Fire/Tloc      92%        2d17      1%          3
 Fulminant Prism          Conj/Alch      20%        3d12      1%          4
 Ignite Poison            Fire/Alch      40%        N/A       1%          4
 Iskenderun's Mystic Bla  Conj/Tloc      46%        2d10      1%          4
 Sticky Flame             Fire/Alch      40%        2d8       1%          4
 Sublimation of Blood     Necr           24%        N/A       2%          2
 Gell's Gravitas          Tloc           28%        N/A       2%          3
 Summon Ice Beast         Ice/Summ       27%        N/A       2%          3
 Teleport Other           Tloc           28%        N/A       2%          3
 Petrify                  Alch/Erth      37%        N/A       2%          4
 Slow                     Hex            60%        N/A       3%          1
 Ensorcelled Hibernation  Hex/Ice        38%        N/A       3%          2
 Frozen Ramparts          Ice            48%        1d8       3%          3
 Vampiric Draining        Necr           24%        2d7       3%          3
 Jinxbite                 Hex            30%        N/A       4%          2
 Martyr's Knell           Necr/Summ      27%        N/A       5%          4
 Passage of Golubria      Tloc           28%        N/A       5%          4
 Confusing Touch          Hex            15%        N/A       7%          3
 Sigil of Binding         Hex            15%        N/A       7%          3
 Dispel Undead            Necr           24%        3d12      8%          4
 Summon Lightning Spire   Summ/Air       22%        N/A       9%          4
 Dimensional Bullseye     Hex/Tloc       10%        N/A       10%         4
 Vhi's Electric Charge    Tloc/Air       42%        N/A       10%         4
 Anguish                  Hex/Necr       9%         N/A       12%         4
 Olgreb's Toxic Radiance  Alch           15%        N/A       17%         4
 Iskenderun's Battlesphe  Conj           60%        2d11      1%          5
 Lee's Rapid Deconstruct  Erth           27%        3d15*     1%          5
 Bombard                  Conj/Erth      28%        9d5       1%          6
 Arcjolt                  Conj/Air       19%        1d29      3%          5
 Borgnjor's Vile Clutch   Necr/Erth      20%        N/A       3%          5
 Summon Forest            Summ/Tloc      14%        N/A       11%         5
 Plasma Beam              Fire/Air       19%        2x1d31    13%         6
 Summon Mana Viper        Hex/Summ       22%        N/A       19%         5
 Metabolic Englaciation   Hex/Ice        9%         N/A       26%         5
 Alistair's Intoxication  Alch           10%        N/A       36%         5
 Silence                  Hex/Air        7%         N/A       41%         5
 Dispersal                Tloc           14%        N/A       41%         6
 Sculpt Simulacrum        Ice/Alch       9%         N/A       71%         6
 Monstrous Menagerie      Summ           15%        N/A       82%         7
 Summon Hydra             Summ           15%        N/A       82%         7
 Eringya's Noxious Bog    Alch           7%         4d6       85%         6
 Haunt                    Necr/Summ      13%        N/A       90%         7
 Ozocubu's Refrigeration  Ice            12%        4d10      96%         7
 Discord                  Hex            7%         N/A       100%        8
 Disjunction              Tloc           14%        N/A       100%        8
 Maxwell's Capacitive Co  Air            7%         ∞         100%        8
 Death's Door             Necr           12%        N/A       100%        9
 Polar Vortex             Ice            12%        12d1*     100%        9
 Animate Armour           Summ/Erth      Unusable   N/A       N/A         4

Dungeon Overview and Level Annotations

Branches:
Dungeon (15/15)            Temple (0/1) D:5            Lair (5/5) D:11
 Shoals (4/4) Lair:2       Spider (4/4) Lair:3        Slime (5/5) Lair:4
    Orc (2/2) D:12            Elf (3/3) Orc:2        Vaults (5/5) D:13
  Crypt (2/3) Vaults:2     Depths (4/4) D:15            Zot (0/5) Depths:4
  IceCv (visited)         Desolation (visited)

Altars:
Ashenzari
Cheibriados
Dithmenos
Elyvilon
Gozag
Hepliaklqana
Kikubaaqudgha
Makhleb
Nemelex Xobeh
Sif Muna
Wu Jian
Xom
Yredelemnul
The Shining One
Lugonu

Shops:
D:3 :   D:8 (   Orc:1 :   Orc:2 =*[(   Elf:1 ?   Elf:2 ?   Shoals:1 (
Shoals:2 :   Shoals:4 (   Vaults:3 !   Vaults:5 !*?

Portals:
Hell: Depths:1 Depths:2 Depths:3 Depths:4
Abyss: Depths:2 Depths:3
Pandemonium: Depths:2
Ziggurat: Depths:1

Annotations:
D:8 1 runed translucent door, Vadun's ghost, novice VSGl
Slime:5 6 exclusions, Royal Jelly


Innate Abilities, Weirdness & Mutations

You are an undying horror.
Your melee and unarmed attacks drain, slow and weaken victims.
You are immune to unholy pain and torment.
You cannot drink.
You are immune to poison.
You cannot wear most types of armour.
You are amphibious.
You can wear up to eight rings at the same time.
Your skin changes colour to match your surroundings (Stealth+).
Your rubbery body absorbs attacks. (AC +1, EV +1)
((You are camouflaged when in or above water. (Stealth+)))
You have tentacles for arms and can constrict up to eight enemies at once.
You possess an exceptional clarity of mind.
Your magical capacity is low. (-10% MP)


Message History

The ancient champion completely misses you.
The phantasmal warrior hits you!!
* * * LOW HITPOINT WARNING * * *
The vampire knight completely misses you.
The vampire knight bites you.
* * * LOW HITPOINT WARNING * * *
Blink to where?
Press: ? - help, Dir - move target Your icy armour cracks and falls away as you move.
You lose your grip on the ancient champion.
As you read the scroll of blinking, it crumbles to dust.
The phantasmal warrior gestures at you.
The phantasmal warrior blinks!
Casting: Ozocubu's Armour (mildly dangerous; 3% risk of failure)
Confirm with . or Enter, or press ? or * to list all spells.
Aiming: Orb of Destruction (dangerous; 4% risk of failure)
Press: ? - help, Shift-Dir - straight line, f - vampire knight
Aim: a vampire knight, wielding a +0 great sword and wearing a +0 chain mail (translocational energy, fast, slightly transparent)
You bludgeon the phantasmal warrior!
The phantasmal warrior decays.
The phantasmal warrior is moderately damaged.
The orb of destruction hits the vampire knight!!!
The vampire knight is heavily damaged.
You batter the phantasmal warrior!!
The phantasmal warrior decays.
The phantasmal warrior is severely damaged.
The ancient champion is no longer moving slowly.
The ancient champion is no longer weakened.
You completely miss the phantasmal warrior.
The phantasmal warrior is severely damaged.
The phantasmal warrior completely misses you.
You closely miss the phantasmal warrior.
You tentacle-slap the phantasmal warrior!
The phantasmal warrior is almost destroyed.
You tentacle-slap the phantasmal warrior.
You destroy the phantasmal warrior!
You barely miss the vampire knight. You grab the vampire knight.
You squeeze the vampire knight, but do no damage.
The vampire knight is heavily damaged.
You constrict the vampire knight, but do no damage.
The vampire knight hits you with a +0 great sword!!
You die...

#...#.).##...#.....###......⌠
#..##)#####..###...# ##......
####..##[#...######...# #...##.
#........'.....##.....####....#.
#........#......##..............
#............8...##########...##
#........#........##############
#........####......##...........
##......#######zV8..############
#...[.##............##.8V##
#................z..#.))z.#
#....###...8..8.>.8.'..>)8#
#....#.'.)†.........#....[#
#......#.[..........##.8.##
####...#######..8..#######
#....####......##
#.####........##


You could see a vampire knight (fast, invisible) and an ancient champion (fast).

Vanquished Creatures
  2 dread liches (Vaults:5)
  An ancient lich (Vaults:5)
  A juggernaut (Depths:2)
  Boris (twice) (Vaults:2 Vaults:5)
  Margery (Vaults:3)
  4 golden dragons
  Nikola (Spider:1)
  Norris (Vaults:3)
  A bone dragon (Depths:4)
  A shard shrike zombie (Crypt:1)
  A Brimstone Fiend (Depths:2)
  Jorgrun (D:15)
  2 titans (Vaults:5)
  3 deep elf blademasters
  A walking earthen tome (Depths:3)
  3 liches
  A searing wretch (Vaults:3)
  2 quicksilver dragons
  2 sphinxes
  19 acid blobs
  2 deep elf master archers (Elf:3)
  An ancient champion (Crypt:1)
  A tentacled starspawn (Abyss:4)
  A kraken (Shoals:4)
  The ghost of ojifijod the Wrestler, an adept DrMo of Okawaru (Spider:4)
  2 shadow dragons
  A storm dragon (Vaults:5)
  5 tengu reavers
  Agnes (D:15)
  The ghost of Zeia the Fencer, a journeyman MiFi of Gozag (Elf:2)
  3 revenants (Crypt:1)
  Ilsuiw (Shoals:3)
  4 rockslimes
  9 azure jellies
  14 vault wardens
  8 fire giants
  A draconian knight (Depths:4)
  3 balrugs (Depths:2)
  7 frost giants
  6 ghost moths
  5 emperor scorpions
  10 deep elf sorcerers
  3 iron dragons
  4 imperial myrmidons (Desolation)
  3 deep elf elementalists (Elf:3)
  A juggernaut zombie (Depths:1)
  A draconian stormcaller (Depths:4)
  5 orc warlords
  35 very ugly things
  5 ironbound thunderhulks
  A draconian annihilator (Depths:4)
  23 ironbound preservers
  A ghoul (Crypt:1)
  6 quicksilver oozes
  2 spriggan defenders (Depths:3)
  9 formless jellyfish
  A caustic shrike skeleton (Depths:1)
  5 vampire knights
  11 deep elf demonologists
  8 stone giants
  A green draconian (Depths:4)
  8 deep elf death magi
  9 deep elf annihilators (Elf:3)
  A yellow draconian (Depths:4)
  The ghost of Pechyafi the Cleaver, a journeyman DDEE of Makhleb (Lair:2)
  2 starcursed masses
  2 halazid warlocks (Desolation)
  A red draconian (Depths:4)
  5 war gargoyles
  7 dire elephants (Vaults:1)
  14 spark wasps
  2 white draconians (Depths:4)
  10 ettins
  A purple draconian (Depths:4)
  3 eidola
  10 merfolk impalers
  6 crystal guardians
  3 merfolk javelineers
  2 green deaths (Depths:2)
  10 jiangshi
  Snorg (Lair:4)
  11 fire dragons
  A blizzard demon (Depths:2)
  19 yaktaur captains
  3 deep elf high priests
  10 ragged hierophants (Desolation)
  6 entropy weavers
  An entropy weaver (shapeshifter) (Vaults:5)
  6 great orbs of eyes
  13 peacekeepers
  Fannar (Lair:2)
  33 vault guards
  A jorogumo (Spider:3)
  A salamander tyrant (Depths:4)
  Erolcha (Orc:1)
  6 hydras
  2 rakshasas (Depths:2)
  6 merfolk avatars
  A catoblepas (D:13)
  5 servants of whispers (Desolation)
  10 ironbound frosthearts
  A hell beast (Depths:4)
  3 spriggan air magi
  3 centaur warriors
  5 ice dragons
  2 alligator snapping turtles
  3 satyrs
  8 merfolk aquamancers
  2 radroaches
  An ogre mage (Vaults:4)
  10 two-headed ogres
  32 dancing weapons
  2 death knights
  29 death yaks
  9 deep troll earth magi
  5 deep troll shamans
  3 boulder beetles
  6 demonic crawlers
  4 vampire magi
  2 tengu warriors (Depths:2)
  4 orc high priests (Orc:2)
  2 thrashing horrors (Abyss:4)
  22 deep elf knights
  23 hell knights
  A spectral emperor scorpion (Spider:4)
  3 spriggan berserkers
  4 hell hogs (Depths:4)
  12 skysharks
  A naga sharpshooter (D:15)
  4 sun demons
  2 occultists
  A sixfirhy (Abyss:4)
  A soul eater (Depths:4)
  A salamander mystic (D:15)
  A deep troll (shapeshifter) (Vaults:5)
  8 skeletal warriors
  7 iron trolls
  4 pharaoh ants
  An iron giant zombie (Crypt:1)
  4 flayed ghosts
  A spectral ghost moth (Spider:4)
  72 deep trolls
  A goliath frog (shapeshifter) (Vaults:5)
  11 orb spiders
  4 glowing orange brains
  A glowing orange brain (shapeshifter) (Vaults:5)
  A storm dragon skeleton (Vaults:4)
  10 sea snakes
  A nameless horror (Crypt:1)
  13 phantasmal warriors
  16 deep elf archers
  6 arcanists
  2 sun moths (Spider:3)
  4 steelbarb worms
  20 ironbound convokers
  10 necromancers
  Pikel (D:4)
  A bog body (IceCv)
  13 orc knights
  2 shadow dragon zombies (Depths:3)
  A jorogumo zombie (Crypt:1)
  2 spectral wolf spiders (Spider:4)
  31 harpies
  24 lindwurms
  29 deep elf pyromancers
  An iron dragon zombie (Vaults:4)
  29 deep elf zephyrmancers
  A tengu skeleton (Depths:3)
  34 ugly things
  5 cyclopes
  20 wolf spiders
  7 fauns
  8 shining eyes
  2 moths of wrath
  A faun (shapeshifter) (Vaults:5)
  A frost giant zombie (Depths:3)
  4 orc sorcerers
  2 rust devils (D:15)
  A shining eye (shapeshifter) (Vaults:5)
  13 manticores
  A moth of wrath (shapeshifter) (Vaults:5)
  8 salamanders
  11 black mambas
  3 guardian serpents (Desolation)
  4 smoke demons
  15 vault sentinels
  2 ice statues (IceCv)
  4 kobold blastminers (Orc:2)
  6 merfolk sirens
  4 meliai
  A frost giant skeleton (Crypt:1)
  8 water nymphs
  A stone giant skeleton (Vaults:4)
  A titan simulacrum (Depths:3)
  8 elephants
  6 cane toads
  8 torpor snails
  8 gargoyles
  A grey draconian zombie (Crypt:1)
  7 molten gargoyles
  A large abomination (Abyss:4)
  4 rime drakes
  2 unseen horrors
  14 komodo dragons
  42 yaktaurs
  6 freezing wraiths
  2 kobold demonologists (D:11)
  6 ice devils (IceCv)
  An efreet (D:15)
  Psyche (D:10)
  An anaconda simulacrum (IceCv)
  2 tengu conjurers
  2 guardian mummies (Crypt:1)
  A silent spectre (Abyss:5)
  A wind drake (shapeshifter) (D:15)
  9 trolls
  2 wolf spider simulacra (Spider:4)
  29 merfolk
  7 wind drakes
  A polar bear (Lair:3)
  Grinder (D:3)
  32 tarantellas
  8 hornets
  37 saltlings (Desolation)
  3 glass eyes
  9 snapping turtles
  10 blink frogs
  A dream sheep (shapeshifter) (Vaults:5)
  A spriggan zombie (Depths:1)
  Sigmund (D:3)
  2 spriggans
  A shadow (D:12)
  20 jumping spiders
  105 slime creatures
  An air elemental (D:13)
  7 wyverns
  2 vampires
  15 culicivoras
  A fire dragon skeleton (Crypt:1)
  53 yaks
  A fire bat (shapeshifter) (D:15)
  29 water elementals
  7 wraiths
  3 dire elephant simulacra (IceCv)
  2 yaks (shapeshifter)
  10 basilisks
  A human (D:13)
  2 wargs
  7 golden eyes
  3 fire elementals
  Grum (D:11)
  A basilisk (shapeshifter) (D:15)
  A vampire mosquito (D:11)
  Menkaure (D:6)
  51 redbacks
  5 harpy simulacra (IceCv)
  A spectral entropy weaver (Spider:4)
  A demonspawn zombie (Crypt:1)
  17 water moccasins
  2 acid dragons
  A hydra simulacrum (IceCv)
  2 meliai simulacra (D:15)
  5 hell hounds (Lair:5)
  28 orc warriors
  A deep troll skeleton (Crypt:1)
  6 ogres
  A black bear (Lair:2)
  An ice beast (D:8)
  7 laughing skulls
  8 boggarts
  37 wolves
  8 centaurs
  Blork the orc (D:5)
  3 kobold brigands
  A vine stalker zombie (Crypt:1)
  A bullfrog (shapeshifter) (Elf:1)
  14 bullfrogs
  2 gnoll sergeants
  3 human skeletons
  2 glowing shapeshifter simulacra
  4 scorpions
  5 earth elementals
  8 wights
  10 killer bees
  9 howler monkeys
  7 electric eels
  4 lava snakes (Lair:5)
  2 bombardier beetles
  3 jellies
  Crazy Yiuf (D:5)
  A human zombie (Crypt:1)
  A hound (D:6)
  23 orc priests
  A gnoll bouda (D:4)
  A sleepcap (D:7)
  Jessica (D:3)
  Terence (D:3)
  4 iguanas
  33 orc wizards
  2 hell rats (Lair:2)
  2 polar bear simulacra (IceCv)
  5 mummies (Crypt:1)
  7 adders
  A naga simulacrum (IceCv)
  21 gnolls
  7 river rats (Lair:2)
  14 white imps
  2 ufetubi (D:6)
  An iguana skeleton (Crypt:1)
  13 dart slugs
  6 ribbon worms
  77 orcs
  7 bats
  12 endoplasms
  3 giant cockroaches
  12 goblins
  6 hobgoblins
  19 kobolds
  4 quokkas
  7 ball pythons
  3 frilled lizards (D:2)
  10 rats
  2 spectral weapons (Vaults:2)
2330 creatures vanquished.

Vanquished Creatures (collateral kills)
  A deep troll (Depths:1)
  An ugly thing (Depths:1)
  10 foxfires
12 creatures vanquished.

Vanquished Creatures (others)
  Asterion (Vaults:2)
  A deep troll (Vaults:2)
  A harpy (Vaults:2)
  A deep elf zephyrmancer (Elf:1)
  A deep elf pyromancer (Elf:3)
  A merfolk siren (Shoals:2)
  A smoke demon (Depths:4)
  A tarantella (Spider:1)
  431 foxfires
  12 fulminant prisms
  2 starspawn tentacles (Abyss:4)
453 creatures vanquished.

Grand Total: 2795 creatures vanquished

Notes
Turn   | Place    | Note
-------+----------+-------------------------------------------
     0 | D:1      | Laqueoixx the Octopode Shapeshifter began the quest for the
                  | Orb.
     0 | D:1      | Reached XP level 1. HP: 13/13 MP: 1/1
    71 | D:1      | Found a faded altar of an unknown god.
    71 | D:1      | Noticed a ynoxinul
    92 | D:1      | Reached XP level 2. HP: 18/18 MP: 2/2
   114 | D:1      | Prayed at the altar of an unknown god.
   114 | D:1      | Became a worshipper of Ashenzari the Shackled
   271 | D:1      | Reached XP level 3. HP: 23/23 MP: 3/3
   885 | D:2      | HP: 1/23 [kobold/+0 short sword (5)]
   888 | D:2      | Reached XP level 4. HP: 1/28 MP: 4/4
  1209 | D:2      | Reached skill level 5 in Unarmed Combat
  1734 | D:3      | Noticed Grinder
  1756 | D:3      | Reached XP level 5. HP: 30/34 MP: 5/5
  1777 | D:3      | Noticed Sigmund
  1783 | D:3      | Killed Sigmund
  1784 | D:3      | Reached XP level 6. HP: 26/42 MP: 6/6
  1870 | D:3      | Noticed Jessica
  1876 | D:3      | Killed Jessica
  2031 | D:3      | Killed Grinder
  2032 | D:3      | Reached skill level 5 in Shapeshifting
  2032 | D:3      | Reached XP level 7. HP: 27/46 MP: 7/7
  2187 | D:3      | Noticed Terence
  2192 | D:3      | Killed Terence
  2212 | D:3      | Found Poneuviw's Book Shop.
  2720 | D:4      | Found an opulent altar of Gozag.
  2970 | D:4      | Reached XP level 8. HP: 45/52 MP: 8/8
  3038 | D:4      | Noticed Pikel
  3045 | D:4      | Killed Pikel
  3410 | D:4      | Reached * piety under Ashenzari
  3728 | D:5      | Entered Level 5 of the Dungeon
  3912 | D:5      | Found a staircase to the Ecumenical Temple.
  3913 | D:5      | Noticed Blork the orc
  3933 | D:5      | Killed Blork the orc
  4052 | D:3      | Bought Kujyust's Beginning Course on Hermeneutics for 168
                  | gold pieces
  4054 | D:3      | Learned a level 1 spell: Magic Dart
  4056 | D:3      | Learned a level 1 spell: Foxfire
  4093 | D:5      | Reached XP level 9. HP: 59/59 MP: 7/9
  4270 | D:4      | Identified the cursed +2 whip of Ashenzari's Seer {flame,
                  | Elem, Sorc} (You took it off Pikel on level 4 of the
                  | Dungeon)
  4389 | D:5      | Found a runed translucent door.
  4390 | D:5      | Noticed Crazy Yiuf
  4572 | D:5      | Reached skill level 1 in Spellcasting
  4759 | D:5      | Reached skill level 5 in Fighting
  4759 | D:5      | Reached skill level 1 in Conjurations
  5116 | D:5      | Killed Crazy Yiuf
  5564 | D:6      | Noticed Menkaure
  5568 | D:6      | Killed Menkaure
  6242 | D:7      | Reached ** piety under Ashenzari
  6927 | D:7      | Found an ornate altar of the Wu Jian Council.
  6932 | D:7      | Found a snail-covered altar of Cheibriados.
  6933 | D:7      | Found a white marble altar of Elyvilon.
  6933 | D:7      | Found a basalt altar of Yredelemnul.
  6936 | D:7      | Found a sparkling altar of Nemelex Xobeh.
  6938 | D:7      | Found a shadowy altar of Dithmenos.
  7095 | D:7      | Reached XP level 10. HP: 68/68 MP: 10/13
  7386 | D:8      | Found a runed translucent door.
  7386 | D:8      | Found a shimmering altar of Xom.
  7386 | D:8      | Noticed Vadun's ghost (novice VSGl)
  7387 | D:8      | Noticed a +1 short sword of chaos
  7540 | D:8      | Identified the cursed +0 kite shield of the Lashed Augur
                  | {Elem, Range} (You took it off a gnoll sergeant on level 4
                  | of the Dungeon)
  7609 | D:8      | Reached skill level 1 in Stealth
  8383 | D:8      | Found Myenor's Antique Weapon Shop.
  8792 | D:9      | Noticed a two-headed ogre
  9011 | D:9      | Killed a two-headed ogre
  9438 | D:9      | Noticed a two-headed ogre
  9452 | D:9      | Killed a two-headed ogre
  9453 | D:9      | Reached skill level 10 in Unarmed Combat
  9453 | D:9      | Reached XP level 11. HP: 74/74 MP: 6/16
  9677 | D:10     | Entered Level 10 of the Dungeon
  9730 | D:10     | Noticed Psyche
  9738 | D:10     | Killed Psyche
  9742 | D:10     | Learned a level 2 spell: Momentum Strike
  9747 | D:10     | Learned a level 4 spell: Iskenderun's Mystic Blast
  9869 | D:10     | Reached *** piety under Ashenzari
 10000 | D:10     | Reached skill level 5 in Stealth
 10323 | D:10     | Reached **** piety under Ashenzari
 10358 | D:10     | Noticed a deep elf pyromancer
 10367 | D:10     | Killed a deep elf pyromancer
 10623 | D:11     | Noticed a two-headed ogre
 10632 | D:11     | Killed a two-headed ogre
 10636 | D:11     | Noticed a two-headed ogre
 10640 | D:11     | Killed a two-headed ogre
 10641 | D:11     | Reached skill level 5 in Conjurations
 10779 | D:11     | Noticed a death yak
 10787 | D:11     | Noticed a death yak
 10787 | D:11     | Noticed a death yak
 10790 | D:11     | Noticed a death yak
 10796 | D:11     | Noticed a death yak
 10798 | D:11     | Killed a death yak
 10802 | D:11     | Killed a death yak
 10803 | D:11     | Reached skill level 5 in Dodging
 10804 | D:11     | Noticed a death yak
 10808 | D:11     | Killed a death yak
 10809 | D:11     | Reached XP level 12. HP: 54/82 MP: 11/19
 10815 | D:11     | Killed a death yak
 10819 | D:11     | Killed a death yak
 10820 | D:11     | Reached skill level 5 in Spellcasting
 10824 | D:11     | Killed a death yak
 11074 | D:11     | Found a staircase to the Lair.
 11113 | D:11     | Noticed a two-headed ogre
 11114 | D:11     | Noticed a two-headed ogre
 11126 | D:11     | Killed a two-headed ogre
 11143 | D:11     | Killed a two-headed ogre
 11313 | D:11     | Noticed a six-headed hydra
 11319 | D:11     | Killed a six-headed hydra
 11718 | D:11     | Noticed Grum
 11725 | D:11     | Killed Grum
 12090 | Lair:1   | Entered Level 1 of the Lair of Beasts
 12638 | Lair:1   | Reached XP level 13. HP: 65/89 MP: 21/21
 13082 | Lair:1   | Learned a level 4 spell: Fulminant Prism
 13085 | Lair:1   | Learned a level 2 spell: Blink
 13088 | Lair:1   | Learned a level 2 spell: Lesser Beckoning
 13187 | Lair:2   | Found a staircase to the Shoals.
 13359 | Lair:2   | Reached skill level 10 in Shapeshifting
 13891 | Lair:2   | Found a large runed translucent door.
 13891 | Lair:2   | Found a large runed translucent door.
 13892 | Lair:2   | Noticed Pechyafi's ghost (journeyman DDEE)
 13971 | Lair:2   | Noticed Fannar
 13982 | Lair:2   | Killed Fannar
 14766 | Lair:2   | Killed Pechyafi's ghost
 15040 | D:3      | Bought a book of Battle for 364 gold pieces
 15044 | D:3      | Learned a level 3 spell: Fugue of the Fallen
 15048 | D:3      | Learned a level 3 spell: Ozocubu's Armour
 15306 | Lair:3   | Identified the +2 robe of the Lotus Blossom {rElec rPois}
 15467 | Lair:3   | Found a hole to the Spider Nest.
 15639 | Lair:3   | Reached skill level 1 in Ice Magic
 15730 | Lair:3   | Reached skill level 1 in Necromancy
 16013 | Lair:3   | Reached XP level 14. HP: 34/98 MP: 1/24
 16596 | Lair:4   | Noticed Snorg
 16604 | Lair:4   | Killed Snorg
 16713 | Lair:4   | Reached skill level 10 in Fighting
 17180 | Lair:4   | Found a staircase to the Slime Pits.
 17741 | Lair:5   | Entered Level 5 of the Lair of Beasts
 18420 | Lair:5   | Learned a level 3 spell: Hailstorm
 18692 | Lair:5   | Reached XP level 15. HP: 101/106 MP: 13/27
 19232 | Lair:5   | Found a large runed translucent door.
 19232 | Lair:5   | Found a large runed translucent door.
 19442 | Lair:5   | Identified 3 scrolls of acquirement
 19800 | Lair:5   | Acquired 463 gold pieces
 19802 | Lair:5   | Acquired a ring of flight
 19805 | Lair:5   | Acquired the Anthology of Pyromancy and Terra Firma
 19813 | Lair:5   | Learned a level 5 spell: Fireball
 20256 | D:12     | Reached ***** piety under Ashenzari
 20292 | D:12     | Found a staircase to the Orcish Mines.
 20435 | D:12     | Reached skill level 1 in Fire Magic
 20701 | D:12     | Reached skill level 15 in Unarmed Combat
 20871 | Orc:1    | Entered Level 1 of the Orcish Mines
 20915 | Orc:1    | Noticed Erolcha
 20923 | Orc:1    | Killed Erolcha
 21148 | Orc:1    | Found Civach's Vocational Training.
 21279 | Orc:2    | Entered Level 2 of the Orcish Mines
 21454 | Orc:2    | Noticed an orc warlord
 21473 | Orc:2    | Killed an orc warlord
 21678 | Orc:2    | Found a staircase to the Elven Halls.
 22189 | Orc:2    | Noticed an orc warlord
 22236 | Orc:2    | Killed an orc warlord
 22823 | Orc:2    | Found Netin's Antique Armour Shoppe.
 22824 | Orc:2    | Found Roholes's Antique Weapon Shoppe.
 22826 | Orc:2    | Found Nefuim's General Store.
 22826 | Orc:2    | Found Ginuter's Jewellery Emporium.
 22844 | Orc:2    | Bought a ring of protection from fire for 375 gold pieces
 23063 | D:13     | Found a frozen archway.
 23090 | IceCv    | Entered an ice cave
 23113 | IceCv    | Reached XP level 16. HP: 114/114 MP: 8/29
 23768 | D:13     | Reached skill level 10 in Spellcasting
 23872 | D:13     | Reached skill level 1 in Translocations
 23933 | D:13     | Found a gate to the Vaults.
 24057 | D:13     | Found a large runed translucent door.
 24057 | D:13     | Found a large runed translucent door.
 24369 | D:13     | Paralysed by an air elemental for 1 turns
 24375 | D:13     | Paralysed by an air elemental for 1 turns
 24864 | D:15     | Entered Level 15 of the Dungeon
 24927 | D:15     | Noticed Agnes
 24951 | D:15     | Killed Agnes
 25242 | D:15     | Found a staircase to the Depths.
 25542 | D:15     | Noticed Jorgrun
 25551 | D:15     | Killed Jorgrun
 25704 | D:15     | Learned a level 4 spell: Manifold Assault
 26203 | Spider:1 | Entered Level 1 of the Spider Nest
 26413 | Spider:1 | Reached XP level 17. HP: 119/119 MP: 23/31
 27165 | Spider:1 | Noticed Nikola
 27177 | Spider:1 | Killed Nikola
 27178 | Spider:1 | Reached skill level 15 in Shapeshifting
 29378 | Spider:4 | Entered Level 4 of the Spider Nest
 29390 | Spider:4 | Reached skill level 10 in Dodging
 29836 | Spider:4 | Reached XP level 18. HP: 126/126 MP: 21/32
 30337 | Spider:4 | Found a transporter.
 30341 | Spider:4 | Noticed ojifijod's ghost (adept DrMo)
 30391 | Spider:4 | Found a transporter.
 30503 | Spider:4 | Found the +3 hat of Pondering {ponderous, Will+ MP+10
                  | Int+5}
 30634 | Spider:4 | Got a gossamer rune of Zot
 30737 | Spider:4 | Killed ojifijod's ghost
 30823 | Spider:4 | Acquired the ring of Antosi {rF+ rN+ EV+5 Str+2 Dex+2}
 31029 | Shoals:1 | Entered Level 1 of the Shoals
 31267 | Shoals:1 | Identified the +10 arbalest "Suuzxopt" {penet, rElec
                  | Stlth+}
 31529 | Shoals:1 | Found Rualaunt's Antique Weapon Emporium.
 31973 | Shoals:2 | Acquired the ring of Deas {rElec rF+++ Will+ rCorr}
 31977 | Shoals:2 | Found Kosesa's Book Emporium.
 31989 | Shoals:2 | Bought a book of the Moon for 720 gold pieces
 32588 | Shoals:3 | Noticed Ilsuiw
 32628 | Shoals:3 | Killed Ilsuiw
 32928 | Shoals:3 | Reached XP level 19. HP: 131/135 MP: 33/33
 33391 | Shoals:4 | Entered Level 4 of the Shoals
 33673 | Shoals:4 | Got a barnacled rune of Zot
 34216 | Shoals:4 | Found Maedoloz's Antique Weapon Boutique.
 34664 | Elf:1    | Entered Level 1 of the Elven Halls
 34698 | Elf:1    | Found an ancient bone altar of Kikubaaqudgha.
 34925 | Elf:1    | Identified the +9 dagger "Jeikigu" {protect, *Noise Int+5
                  | Dex+3}
 35172 | Elf:1    | Found a shimmering blue altar of Sif Muna.
 35190 | Elf:1    | Found Zetabb's Magic Scroll Shoppe.
 35553 | Elf:2    | Found a runed translucent door.
 35553 | Elf:2    | Noticed Zeia's ghost (journeyman MiFi)
 35587 | Elf:2    | Killed Zeia's ghost
 35963 | Elf:2    | Found a shimmering blue altar of Sif Muna.
 35980 | Elf:2    | Found Wepsubot's Magic Scroll Emporium.
 36337 | D:14     | Identified the cursed orb of Ashenzari's Ordeal {*channel,
                  | Melee, Cun} (You found it on level 2 of the Lair of Beasts)
 36534 | Elf:2    | Found a runed translucent gate.
 36536 | Elf:2    | Found a runed translucent gate.
 36536 | Elf:2    | Found a runed translucent gate.
 36888 | Elf:2    | Reached XP level 20. HP: 123/150 MP: 30/36
 36906 | Elf:2    | Reached skill level 15 in Fighting
 37513 | Elf:3    | Entered Level 3 of the Elven Halls
 37772 | Elf:3    | Noticed a Tzitzimitl
 37781 | Elf:3    | Noticed a Brimstone Fiend
 38384 | Elf:3    | Identified the +7 war axe of Righteous Fury {antimagic,
                  | rElec rCorr Int+3}
 38392 | Elf:3    | Identified the +5 quarterstaff "Ofaecvun" {freeze, Str+2}
 38401 | Elf:3    | Identified the +5 plate armour of Eternal Night {-Cast rN+
                  | Str+3}
 38531 | Abyss:3  | Cast into level 3 of the Abyss (a deep elf sorcerer)
 38538 | Abyss:3  | Found a corrupted altar of Lugonu.
 38553 | Abyss:4  | Learned a level 6 spell: Starburst
 38556 | Abyss:4  | Found a corrupted altar of Lugonu.
 38704 | Abyss:5  | Got an abyssal rune of Zot
 38748 | Elf:3    | Escaped the Abyss
 38752 | Elf:3    | Reached XP level 21. HP: 153/162 MP: 38/38
 38963 | Elf:3    | Identified the Grimoire of Mortification and the Brume
 38983 | Elf:3    | Identified the Precepts of Amalgamated Terrain
 38985 | Elf:3    | Identified the staff of the Empty Page {rC+ Conj Tloc
                  | Earth}
 38985 | Elf:3    | Identified the Treatise on Alluring Blasts
 39244 | Vaults:1 | Entered Level 1 of the Vaults
 39258 | Vaults:1 | Reached ****** piety under Ashenzari
 39676 | Vaults:1 | Identified the +0 ring mail of Parlour Games {Str+3}
 40559 | Vaults:2 | Reached skill level 15 in Dodging
 40645 | Vaults:2 | Noticed Asterion
 40657 | Vaults:2 | Killed Asterion
 40709 | Vaults:2 | Found a crumbling gateway.
 40726 | Desolati | Entered the Desolation of Salt
 40798 | Desolati | Identified Kikubaaqudgha's Dissertation on Bodies
 40933 | Desolati | Identified the Collected Works on Fey Bringing Forth
 40952 | Desolati | Identified the +6 scale mail "Pigom" {rCorr}
 41137 | Desolati | Identified Sif Muna's Anthology of the Fuming Mausoleum
 41147 | Desolati | Identified the +3 battleaxe "Nifam" {venom, MP+9 Str+3
                  | Stlth+}
 41147 | Desolati | Identified the +1 leather armour of the Trilobite {rC+
                  | Will+ rCorr Dex+3}
 41154 | Desolati | Identified the +2 cloak "Ihicir" {-Tele rElec rF+++ Int-4}
 41154 | Desolati | Identified the Reference Book on Fiery Orientation
 41298 | Desolati | Identified the Grimoire of Virulence and the Xenolith
 41298 | Desolati | Found the +8 mithril axe "Arga" {speed, Will+}
 41300 | Desolati | Identified the +1 ring mail of the Land of Plenty {*Slow
                  | Int+8}
 41300 | Desolati | Identified the +5 pair of boots of Rotation {Int+9 Dex+3}
 41453 | Vaults:2 | Reached XP level 22. HP: 172/172 MP: 39/39
 41765 | Vaults:2 | Noticed Boris
 41773 | Vaults:2 | Killed Boris
 42645 | Vaults:2 | Found a staircase to the Crypt.
 42906 | Vaults:3 | Noticed Margery
 42913 | Vaults:3 | Killed Margery
 42916 | Vaults:3 | Killed the ghostly Margery
 43087 | Vaults:3 | Noticed Norris
 43100 | Vaults:3 | Killed Norris
 43154 | Vaults:3 | Identified the +1 scale mail of the Arena {rElec}
 43435 | Vaults:3 | Found Yrhe Ytt's Distillery.
 43584 | Vaults:3 | Reached XP level 23. HP: 172/180 MP: 40/40
 43946 | Vaults:4 | Reached skill level 5 in Fire Magic
 44793 | Vaults:5 | Entered Level 5 of the Vaults
 44793 | Vaults:5 | Noticed a dread lich
 44810 | Vaults:5 | Noticed an ancient lich
 44813 | Vaults:5 | Noticed a golden dragon
 44817 | Vaults:5 | Killed an ancient lich
 44822 | Vaults:5 | Killed a golden dragon
 44823 | Vaults:5 | Killed a dread lich
 44843 | Vaults:5 | Noticed a golden dragon
 44854 | Vaults:5 | Killed a golden dragon
 45005 | Vaults:5 | Found Tuiseqel's Distillery.
 45055 | Vaults:5 | Reached skill level 10 in Fire Magic
 45079 | Vaults:5 | Noticed a dread lich
 45079 | Vaults:5 | Gained mutation: Your magical capacity is low. (-10% MP) [a
                  | shining eye]
 45083 | Vaults:5 | Reached XP level 24. HP: 139/187 MP: 34/37
 45087 | Vaults:5 | Killed a dread lich
 45108 | Vaults:5 | Reached skill level 10 in Conjurations
 45146 | Vaults:5 | Found Arucs's Magic Scroll Shop.
 45521 | Vaults:5 | Noticed Boris
 45529 | Vaults:5 | Killed Boris
 45670 | Vaults:5 | Got a silver rune of Zot
 45727 | Vaults:5 | Learned a level 7 spell: Orb of Destruction
 45738 | Vaults:5 | Learned a level 7 spell: Spellforged Servitor
 45835 | Vaults:5 | Found Wyzxyp's Assorted Antiques.
 45836 | Vaults:5 | Found the +10 tower shield of Ignorance {rN+ Int-4}
 45845 | Vaults:5 | Bought a wand of iceblast (6) for 460 gold pieces
 46266 | Depths:1 | Entered Level 1 of the Depths
 46275 | Depths:1 | Reached skill level 1 in Summonings
 46481 | Depths:1 | Found a gateway to Hell.
 46590 | Depths:1 | Found a one-way gateway to a ziggurat.
 46682 | Depths:1 | Found a hazy altar of Hepliaklqana.
 47206 | Spider:2 | Learned a level 8 spell: Lehudib's Crystal Spear
 47532 | Depths:2 | Found a one-way gate leading to the halls of Pandemonium.
 47610 | Depths:2 | Reached skill level 1 in Earth Magic
 47614 | Depths:2 | Found Ruquonug's Distillery.
 47633 | Depths:2 | Bought a potion of lignification for 51 gold pieces
 47633 | Depths:2 | Bought a potion of ambrosia for 136 gold pieces
 47633 | Depths:2 | Bought a potion of mutation for 136 gold pieces
 47633 | Depths:2 | Bought 2 potions of curing for 102 gold pieces
 47633 | Depths:2 | Bought a potion of curing for 51 gold pieces
 47633 | Depths:2 | Bought a potion of cancellation for 136 gold pieces
 47633 | Depths:2 | Bought a potion of cancellation for 136 gold pieces
 47633 | Depths:2 | Bought a potion of lignification for 51 gold pieces
 47633 | Depths:2 | Bought a potion of curing for 51 gold pieces
 47777 | Depths:2 | Found a burning altar of Makhleb.
 47779 | Depths:2 | Reached XP level 25. HP: 106/192 MP: 38/38
 47988 | Depths:2 | Identified the +7 great sword of Qitzein {freeze, Fly rPois
                  | Str+4 Int+3}
 47994 | Depths:2 | Identified the +7 dagger of Guile {flame, rPois Str+7 Int+3
                  | Stlth-}
 48051 | Depths:2 | Identified the +6 demon trident "Nycyrgh" {vamp, ^Contam
                  | rC+ Str+4 SInv}
 48128 | Depths:2 | Identified the +5 quarterstaff of the Fae God {holy, Str+3
                  | Int+3}
 48268 | Depths:2 | Noticed a juggernaut
 48277 | Depths:2 | Killed a juggernaut
 48439 | Depths:2 | Found a one-way gate to the infinite horrors of the Abyss.
 48800 | Depths:3 | Reached skill level 5 in Earth Magic
 49163 | Depths:3 | Found a corrupted altar of Lugonu.
 49730 | Depths:4 | Entered Level 4 of the Depths
 49807 | Depths:4 | Reached skill level 10 in Earth Magic
 49897 | Depths:4 | Found a gate to the Realm of Zot.
 49905 | Depths:4 | Got a midnight gem with 5 turns to spare
 49924 | Depths:4 | Found a broken altar of Ashenzari.
 49951 | Depths:3 | Found the +7 lajatang of Order {silver, rMut}
 49951 | Depths:3 | Identified the +7 quarterstaff "Suhiroli" {flame, rCorr
                  | Dex+5}
 49961 | Depths:3 | Identified the cursed +6 rapier of Ashenzari's Black Moon
                  | {venom, Elem, Comp} (You took it off a deep elf
                  | zephyrmancer on level 2 of the Elven Halls)
 49961 | Depths:3 | Identified the cursed +2 hat of Ashenzari's Sorrow {Cun,
                  | Range} (You found it on level 15 of the Dungeon)
 50023 | Abyss:5  | Found a corrupted altar of Lugonu.
 50023 | Abyss:5  | Cast into level 5 of the Abyss (black draconian knight)
 50055 | Abyss:5  | Gained mutation: Your magical capacity is very low. (-20%
                  | MP) [a neqoxec]
 50057 | Depths:4 | Escaped the Abyss
 50435 | Depths:4 | Found a glowing golden altar of the Shining One.
 50637 | Depths:4 | Acquired an Everburning Encyclopedia
 50987 | Elf:3    | Upgraded the game from 0.31.0-9-g3a7656b989 to
                  | 0.31.0-10-gcf4a605ca0
 52323 | Slime:1  | Entered Level 1 of the Pits of Slime
 52481 | Slime:2  | Reached XP level 26. HP: 190/199 MP: 34/34
 52686 | Slime:2  | Gained mutation: You are clumsy. (Dex -2) [a shining eye]
 52708 | Slime:2  | Gained mutation: You are vulnerable to heat. (rF-) [a
                  | shining eye]
 52779 | Slime:2  | Gained mutation: Your flesh is cold resistant. (rC+) [a
                  | shining eye]
 52781 | Slime:2  | Lost mutation: You are vulnerable to heat. (rF-) [potion of
                  | mutation]
 52781 | Slime:2  | Lost mutation: You are clumsy. (Dex -2) [potion of
                  | mutation]
 52781 | Slime:2  | Lost mutation: Your flesh is cold resistant. (rC+) [potion
                  | of mutation]
 52781 | Slime:2  | Lost mutation: Your magical capacity is very low. (-20% MP)
                  | [potion of mutation]
 52781 | Slime:2  | Gained mutation: You possess an exceptional clarity of
                  | mind. [potion of mutation]
 53590 | Slime:3  | Learned a level 8 spell: Ignition
 54822 | Slime:5  | Entered Level 5 of the Pits of Slime
 54921 | Slime:5  | Noticed the Royal Jelly
 55511 | Crypt:1  | Entered Level 1 of the Crypt
 55786 | Crypt:1  | Reached skill level 15 in Fire Magic
 55909 | Crypt:1  | Identified the +6 dagger "Isuidisi" {drain, rPois rC- Int+3
                  | SInv}
 56535 | Crypt:1  | Reached skill level 15 in Spellcasting
 56570 | Crypt:1  | Mangled by a vampire knight

Illustrated notes

Levels and vault maps discovered:
D:1:      sevenhm_arrival_forest_fort_small_3, layout_loops_cross,
          dreamdust_ecumenical_altar_sealed_demon, minmay_shallow_snake_nest
D:2:      cheibrodos_helix_gallery, layout_loops_cross
D:3:      layout_rooms, serial_shops, shop, minmay_cut_off, uniq_terence,
          uniq_grinder, uniq_jessica, uniq_sigmund
D:4:      kennysheep_slugbush, layout_basic,
          mainiacjoe_overflow_concentric_impassable,
          chequers_serial_rivers_small_a, minmay_crystal_water, uniq_pikel
D:5:      layout_loops_ring, temple_fountains, corexii_checkpoint,
          nicolae_tricolors, uniq_blork_the_orc, uniq_crazy_yiuf_cottage
D:6:      layout_loops_cross, minmay_misc_feat_ornament, uniq_menkaure
D:7:      layout_gridville, minitemple
D:8:      hellmonk_destroyed_diamonds, layout_gridville, serial_shops,
          nicolae_shop_rolling_square, ebering_ghost_xom,
          kennysheep_generic_room_9
D:9:      layout_basic, hangedman_decor_push
D:10:     layout_irregular_city, uniq_psyche
D:11:     kennysheep_windowed_halls, layout_loops_ring, dpeg_lair_monsters,
          uniq_grum
D:12:     layout_basic, orc_0_dummy, serial_glass, glass_columns_a,
          glass_columns_a, glass_columns_a, glass_columns_a, glass_columns_a,
          glass_columns_c, corexii_corridor_pit
D:13:     layout_rooms, hellmonk_vaults_keyhole, serial_rivers,
          chequers_serial_rivers_micro_c, chequers_serial_rivers_marsh,
          chequers_serial_rivers_micro_c, chequers_serial_rivers_large_b,
          portal_ice_cave_entry_imps, lightli_elemental_guards
D:14:     layout_cave_pools
D:15:     hangedman_crystal_crosses_colossus [crystal_crosses_arms_two,
          crystal_crosses_arms_two, crystal_crosses_arms_one], uniq_agnes,
          uniq_jorgrun
Lair:1:   layout_regular_city, lemuel_fruit_fields
Lair:2:   layout_cave_pods, minmay_shoals_entry_beasts,
          ebering_ghost_disaster_area, kennysheep_rathole, grunt_megastairs_1,
          uniq_fannar
Lair:3:   layout_regular_city, hellmonk_spider_entry_not_the_bees
Lair:4:   layout_concentric_octagons, slime_entry_1, serial_bayou_shore_b,
          uniq_snorg
Lair:5:   cheibrodos_lair_end_hotspot, layout_layer_cave,
          nicolae_lair_grazing_beasts [nicolae_sub_lair_graze_edge,
          nicolae_sub_lair_graze_edge, nicolae_sub_lair_graze_edge,
          nicolae_sub_lair_graze_edge]
Shoals:1: nicolae_shoals_island_circles, layout_shoals, nicolae_shoals_c_island
Shoals:2: layout_shoals, serial_shops, shop
Shoals:3: layout_shoals, st_sunken_huts, uniq_ilsuiw
Shoals:4: shoals_end_hangedman, layout_shoals, serial_shops,
          nicolae_shop_dealshenge
Spider:1: layout_cave_pods, nicolae_spider_bug_shape, uniq_nikola
Spider:2: layout_spider_delve
Spider:3: nicolae_spider_obnoxious_hallway
Spider:4: spider_rune_water, gammafunk_ghost_mausoleum
Slime:1:  layout_caves
Slime:2:  layout_caves
Slime:3:  nicolae_slime_spelunking
Slime:4:  layout_caves
Slime:5:  slime_pit_nicolae_trefoil
Orc:1:    layout_caves, nicolae_shop_vocational, uniq_erolcha
Orc:2:    st_orc_congregation, layout_diamond_mine
Elf:1:    layout_geoelf_grid, basic_altar, serial_shops, shop,
          nicolae_elf_crossing_hall, david_defended_altar_elf
Elf:2:    nicolae_elf_blades_crystal_corner, layout_loops_corners,
          hellmonk_ghost_happy_afterlife, basic_altar, serial_shops,
          nicolae_shop_waterfront, serial_co_window_serial, co_window_corner_a,
          co_window_cross_1, co_window_of_opportunity_a, co_window_paths_b,
          co_window_paths_b, co_window_corner_a, co_window_corner_a,
          co_window_paths_a, co_window_paths_b, co_window_of_opportunity_b,
          co_window_of_opportunity_c, glass_columns_b, glass_columns_a
Elf:3:    grunt_elf_hall_asides, layout_loops_corners
Vaults:1: hangedman_vaults_impose, nicolae_vaults_sightless_eye,
          nicolae_vaults_little_squares_2, v_misc_26, ontoclasm_vaults_spin,
          v_misc_8, nicolae_vaults_little_ls, nicolae_vaults_shock_wave,
          nicolae_vaults_trapezoid_lopsided_1, layout_vaults_omnigrid
Vaults:2: portal_desolation_entry_twin_temple, minmay_crypt_entry_simple_walls,
          hangedman_vaults_slither, nicolae_vaults_arrows,
          nicolae_vaults_wine_cellar, hangedman_vaults_maws, v_misc_32,
          nicolae_vaults_closet_pinwheel_6, vaults_dpeg_emergency_exit,
          nicolae_vaults_trapezoid_lopsided_4, nicolae_vaults_tetromino_T_2,
          layout_vaults_big_cross, uniq_asterion, uniq_boris
Vaults:3: ontoclasm_vaults_loading_screen, hangedman_vaults_trim,
          ontoclasm_vaults_loading_screen, v_misc_12,
          nicolae_vaults_closet_pinwheel_4, hangedman_vaults_stretched_pinwheel,
          hangedman_vaults_hat, nicolae_vaults_double_plus_1,
          nicolae_vaults_house_3, layout_vaults_big_room, serial_shops,
          nicolae_shop_tiny_real_fake_doors, uniq_norris, uniq_margery
Vaults:4: v_alt_pattern_3, hangedman_vaults_stagger,
          nicolae_vaults_inception_corners, v_misc_24, nicolae_vaults_big_ls,
          nicolae_vaults_surprise_closet, nicolae_vaults_network_periphery,
          nicolae_vaults_three_branches, nicolae_vaults_little_guard_posts,
          nicolae_vaults_tetromino_L_2, nicolae_vaults_trapezoid_lopsided_3,
          layout_vaults_maze_snakey
Vaults:5
Crypt:1:  layout_misc_corridors, grunt_megastairs_3,
          grunt_crypt_arrival_guarded_gate, uniq_grunn
Crypt:2:  layout_chaotic_city, evilmike_ambush [evilmike_ambush_outer_basic,
          evilmike_ambush_inner_basic], lemuel_upstairs_altar
Depths:1: layout_cave_pools, enter_ziggurat_a, pf_coc_iceberg,
          nicolae_hepliaklqana_hippocampus
Depths:2: evilmike_makhleb_hellhole, layout_gridlike, rand_demon_pan_entry_4,
          hell_entry, serial_shops, nicolae_shop_peninsula, abyss_entry_crystal,
          kennysheep_random_hallway
Depths:3: hellmonk_ruined_rings, layout_basic, minmay_door_square,
          abyss_entry_flame_altar, grunt_hell_entry_dis_grunt,
          infiniplex_staircase_zigzag_1, firewood_loft
Depths:4: grunt_zot_entry_pinwheel, layout_twisted_cross, hellmouth_3,
          nicolae_tso_carved_into_rock, cheibrodos_ashenzari_chains

Skill      XL: |  1  2  3  4  5  6  7  8  9 10 11 12 13 14 15 16 17 18 19 20 21 22 23 24 25 26 |
---------------+-------------------------------------------------------------------------------+-----
Unarmed Combat | 4 5 7 8 10 11 12 13 14 15 16 17 18 19 20 | 20.4
Fighting       | 3 4 5 6 7 8 9 11 12 13 14 16 17 18 | 18.0
Shapeshifting  | 4 5 6 7 8 9 10 13 16 17 18 19 20 | 20.3
Spellcasting   | 2 3 4 5 7 8 9 10 11 12 13 15 | 15.0
Conjurations   | 2 4 5 6 7 9 11 12 | 12.6
Stealth        | 4 6 7 |  7.8
Dodging        | 3 5 6 8 9 10 11 13 14 15 16 17 18 | 18.8
Ice Magic      | 1 3 |  3.0
Necromancy     | 1 3 |  3.0
Fire Magic     | 3 4 10 13 15 | 15.6
Translocations | 2 |  2.5
Summonings     | 4 |  4.9
Earth Magic    | 1 12 13 | 13.6

Action                     |  1- 3 |  4- 6 |  7- 9 | 10-12 | 13-15 | 16-18 | 19-21 | 22-24 | 25-27 || total
---------------------------+-------+-------+-------+-------+-------+-------+-------+-------+-------++-------
  Melee: Unarmed           |    64 |    48 |   298 |   302 |   857 |   880 |   787 |   756 |   739 ||  4731
         Constrict         |    13 |     8 |    96 |    68 |   167 |   107 |       |       |    32 ||   491
         Tentacles         |    12 |     8 |    96 |    17 |       |       |       |       |    66 ||   199
         Punch             |     2 |     1 |     3 |     3 |       |    47 |    92 |   148 |   148 ||   444
  Throw: Javelin           |       |     1 |     3 |       |       |       |       |       |       ||     4
         Boomerang         |       |       |     2 |       |       |       |       |       |       ||     2
   Cast: Magic Dart        |       |       |    11 |    13 |    11 |     3 |       |       |       ||    38
         Foxfire           |       |       |    16 |   117 |   123 |     1 |     1 |       |       ||   258
         Momentum Strike   |       |       |       |    17 |    44 |     9 |     2 |     2 |       ||    74
         Fulminant Prism   |       |       |       |       |     9 |     2 |     1 |       |       ||    12
         Ozocubu's Armour  |       |       |       |       |    26 |    23 |    12 |     9 |     4 ||    74
         Iskenderun's Myst |       |       |       |       |     8 |       |       |       |       ||     8
         Fugue of the Fall |       |       |       |       |     8 |     2 |     2 |     2 |       ||    14
         Hailstorm         |       |       |       |       |    11 |     1 |       |       |       ||    12
         Fireball          |       |       |       |       |    20 |     4 |     4 |       |       ||    28
         Lesser Beckoning  |       |       |       |       |     1 |     5 |     8 |     3 |     2 ||    19
         Manifold Assault  |       |       |       |       |       |     9 |    12 |     5 |       ||    26
         Blink             |       |       |       |       |       |     2 |       |       |       ||     2
         Starburst         |       |       |       |       |       |       |     4 |     3 |     3 ||    10
         Spellforged Servi |       |       |       |       |       |       |       |     1 |     4 ||     5
         Orb of Destructio |       |       |       |       |       |       |       |     1 |     3 ||     4
         Ignition          |       |       |       |       |       |       |       |       |     1 ||     1
 Invoke: Curse Item        |       |       |     4 |     3 |     3 |     3 |     5 |       |       ||    18
         Shatter the Chain |       |       |       |       |     2 |     3 |     1 |     1 |     2 ||     9
Ability: Begin Untransform |       |       |     2 |       |     1 |     2 |     1 |       |     1 ||     7
         Blinkbolt         |       |       |       |       |       |    16 |    33 |    10 |     9 ||    68
  Evoke: Wand              |       |       |       |       |       |       |     1 |       |     3 ||     4
    Use: Scroll            |     1 |     3 |     4 |       |     5 |     3 |     7 |     2 |     6 ||    31
         Potion            |     1 |       |       |     3 |     2 |     2 |     4 |     1 |     1 ||    14
   Stab: Sleeping          |     6 |     3 |     2 |    11 |    18 |    45 |    22 |    15 |     9 ||   131
         Distracted        |     1 |       |       |     3 |     1 |     4 |     4 |     4 |       ||    17
 Armour: Skin              |    27 |    17 |    92 |   170 |   483 |   400 |   172 |    85 |   124 ||  1570
  Dodge: Dodged            |    29 |    15 |   153 |   181 |   525 |   955 |   878 |   973 |   802 ||  4511
   Form: Flux              |       |       |     3 |       |       |       |       |       |       ||     3
         Serpent           |       |       |       |     1 |     2 |     2 |       |       |       ||     5
         Blade             |       |       |       |     1 |       |       |       |       |       ||     1
         Death             |       |       |       |       |     1 |       |       |       |     2 ||     3
         Storm             |       |       |       |       |       |     2 |     1 |       |     2 ||     5
